 Dungeon Crawl Stone Soup version 0.31-a0-4-gefa6de2278 (webtiles) character file.

Game seed: 12549014224914354857

137 jasper the Digger (level 5, -1/50 HPs)
             Began as an Ogre Earth Elementalist on May 3, 2023.
             Slain by a scorpion (7 damage)
             ... on level 4 of the Dungeon.
             The game lasted 00:03:45 (2849 turns).

jasper the Digger (Ogre Earth Elementalist)         Turns: 2849, Time: 00:03:45

Health: -1/50      AC:  3    Str: 12    XL:     5   Next: 20%
Magic:  0/10       EV: 14    Int: 18    God:
Gold:   154        SH:  0    Dex:  9    Spells: 4/10 levels left

rFire   . . .        i - +3 dagger (venom)
rCold   . . .        (no shield)
rNeg    . . .        a - +0 robe
rPois   .            (helmet restricted)
rElec   .            (no cloak)
rCorr   .            (gloves unavailable)
SInv    .            (boots unavailable)
Will    .....        (no amulet)
Stlth   +            h - +5 ring of evasion
HPRegen 0.28/turn    (no ring)
MPRegen 0.12/turn

%: no passive effects
@: lethally poisoned (-1 -> -13)
A: large, unfitting armour, tough skin 1
a: no special abilities


You were on level 4 of the Dungeon.
You visited 1 branch of the dungeon, and saw 4 of its levels.

You collected 154 gold pieces.

Inventory:

Hand Weapons
 b - a +0 short sword
 i - a +3 dagger of venom (weapon)
 k - a +0 morningstar
Missiles
 j - 8 poisoned darts
 m - a throwing net
Armour
 a - a +0 robe (worn)
 c - a +0 tower shield
Jewellery
 h - a +5 ring of evasion (left hand)
 l - a ring of wizardry
Wands
 g - a wand of roots (6)
Scrolls
 n - a scroll of amnesia
 o - a scroll of enchant weapon
Potions
 d - a potion of curing
 e - a potion of might {unknown}
 f - 2 potions of berserk rage {unknown}


   Skills:
 + Level 2.4 Fighting
 - Level 1.7 Dodging
 - Level 1.4 Stealth
 + Level 3.3 Spellcasting
 * Level 1.6 Conjurations
 - Level 0.8 Transmutations
 * Level 3.9 Earth Magic


You had 4 spell levels left.
You knew the following spells:

 Your Spells              Type           Power      Damage    Failure   Level
a - Sandblast             Erth           34%        2d9       3%          1
b - Passwall              Tmut/Erth      9%         N/A       9%          2
c - Stone Arrow           Conj/Erth      26%        3d8       16%         3

Your spell library contained the following spells:

 Spells                   Type           Power      Damage    Failure   Level
 Freeze                   Ice            12%        1d3       16%         1
 Hailstorm                Conj/Ice       6%         3d4       32%         3
 Frozen Ramparts          Ice            6%         1d1       43%         3
 Petrify                  Tmut/Erth      11%        N/A       52%         4
 Ice Form                 Ice/Tmut       4%         N/A       78%         4
 Summon Ice Beast         Ice/Summ       3%         N/A       83%         4


Dungeon Overview and Level Annotations

Branches:
Dungeon (4/15)
 Temple: D:4-7

Altars:
Dithmenos


Innate Abilities, Weirdness & Mutations

You are too large for most types of armour.
You have tough skin. (AC +1)


Message History

The blast of sand hits the scorpion!
The scorpion is almost dead.
You feel very sick. The scorpion misses you. The scorpion closely misses you.
You take 3 damage, and have 22/50 hp.
You now have 3/10 mp.
Aiming: Sandblast (safe; 3% risk of failure)
Press: ? - help, Q - select action, (/) - cycle Shift-Dir - straight line, f/p - scorpion
Aim: a scorpion (almost dead, 82% to hit)
The blast of sand hits the scorpion but does no damage.
The scorpion is almost dead.
You feel sick. The scorpion misses you. The scorpion stings you.
You are more poisoned.
The scorpion poisons you!
You take 2 damage, and have 20/50 hp.
You now have 2/10 mp.
Aiming: Sandblast (safe; 3% risk of failure)
Press: ? - help, Q - select action, (/) - cycle Shift-Dir - straight line, f/p - scorpion
Aim: a scorpion (almost dead, 82% to hit)
The blast of sand hits the scorpion but does no damage.
The scorpion is almost dead.
You feel very sick.
The scorpion stings you but does no damage.
You take 5 damage, and have 15/50 hp.
You now have 1/10 mp.
Aiming: Sandblast (safe; 3% risk of failure)
Press: ? - help, Q - select action, (/) - cycle Shift-Dir - straight line, f/p - scorpion
Aim: a scorpion (almost dead, 82% to hit)
The blast of sand misses the scorpion.
You feel very sick.
The scorpion stings you but does no damage.
The scorpion closely misses you.
You take 2 damage, and have 13/50 hp.
Aiming: Sandblast (safe; 3% risk of failure)
Press: ? - help, Q - select action, (/) - cycle Shift-Dir - straight line, f/p - scorpion
Aim: a scorpion (almost dead, 82% to hit)
The blast of sand hits the scorpion but does no damage.
The scorpion is almost dead.
You feel sick. The scorpion stings you.
* * * LOW HITPOINT WARNING * * *
You are lethally poisoned!
The scorpion poisons you! The scorpion stings you!
You die...

#### .
..####...
#......#
#@s..>#
#......#
#.##...#
#. ......
#. ####.
#. ##


You could see a scorpion.

Vanquished Creatures
  5 adders
  A gnoll (D:4)
  2 dart slugs
  2 orcs (D:3)
  8 bats
  5 endoplasms
  5 giant cockroaches
  2 goblins
  5 hobgoblins
  3 jackals (D:2)
  14 kobolds
  4 quokkas
  7 ball pythons
  2 frilled lizards
  6 rats
71 creatures vanquished.

Vanquished Creatures (others)
  5 toadstools (D:1)
5 creatures vanquished.

Grand Total: 76 creatures vanquished

Notes
Turn   | Place    | Note
-------+----------+-------------------------------------------
     0 | D:1      | jasper the Ogre Earth Elementalist began the quest for the
                  | Orb.
     0 | D:1      | Reached XP level 1. HP: 16/16 MP: 3/3
   191 | D:1      | Reached XP level 2. HP: 26/26 MP: 2/5
   194 | D:1      | Learned a level 2 spell: Passwall
   224 | D:1      | Found a faded altar of an unknown god.
   254 | D:1      | Reached skill level 1 in Fighting
   634 | D:1      | Reached XP level 3. HP: 33/33 MP: 5/7
   638 | D:1      | Learned a level 3 spell: Stone Arrow
  1425 | D:2      | Found a shadowy altar of Dithmenos.
  1512 | D:2      | Reached skill level 1 in Conjurations
  1512 | D:2      | Reached XP level 4. HP: 36/42 MP: 5/8
  2241 | D:3      | Reached XP level 5. HP: 50/50 MP: 5/9
  2776 | D:4      | Identified the +6 hand axe "Giun" {vamp, rN+++ rCorr Str-2
                  | Stlth+}
  2849 | D:4      | Slain by a scorpion

Illustrated notes

Levels and vault maps discovered:
D:1:      ldierk_walled_garden, layout_loops_ring,
          dreamdust_ecumenical_altar_angels_and_demons, minivault_14
D:2:      layout_basic, basic_altar, nrook_campfire,
          amcnicky_mini_corridor_feature
D:3:      minmay_general_purpose_star, layout_rooms, minmay_misc_feat_pillars
D:4:      layout_basic

Skill      XL: |  1  2  3  4 |
---------------+-------------+-----
Earth Magic    | 3 |  3.9
Fighting       | 1 2 |  2.4
Spellcasting   | 3 |  3.3
Conjurations   | 1 |  1.6
Dodging        | |  1.7
Stealth        | |  1.4
Transmutations | |  0.8

Action                     |  1- 3 |  4- 6 || total
---------------------------+-------+-------++-------
  Melee: Unarmed           |     1 |       ||     1
         Short sword       |    10 |       ||    10
         Dagger            |       |     3 ||     3
   Cast: Sandblast         |    58 |    64 ||   122
    Use: Potion            |     1 |       ||     1
         Scroll            |     2 |     7 ||     9
 Armour: Robe              |    15 |     5 ||    20
  Dodge: Dodged            |    23 |    34 ||    57

Table legend: (Time is in decaauts)
 A = Elapsed time spent in this place.
 B = Non-inter-level travel time spent in this place.
 C = Inter-level travel time spent in this place.
 D = Time resting spent in this place.
 E = Time spent auto-exploring this place.
 F = Levels seen in this place.
 G = Mean time per level.
                   A        B        C        D        E       F      G
               +--------+--------+--------+--------+--------+-----+--------+
         Total |   2907 |   2834 |     73 |    361 |   2056 |   4 |  726.8 |
       Dungeon |   2907 |   2834 |     73 |    361 |   2056 |   4 |  726.8 |
               +--------+--------+--------+--------+--------+-----+--------+

Top non-repeatable levels by time:
     D:1: 1165 daAuts
     D:2: 874 daAuts
     D:3: 830 daAuts
     D:4: 37 daAuts
